Blackhawks vs Canucks
Created - 24 avril 2013 at 23:21
Goals
|
| Blackhawks |
0 |
2 |
2 |
1 |
5 |
| Canucks |
2 |
1 |
1 |
0 |
4 |
|
Shots
|
| Blackhawks |
5 |
13 |
13 |
2 |
33 |
| Canucks |
4 |
11 |
9 |
1 |
25 |
|
1st period
1. Canucks , David Jones 13 (Fabian Brunnstrom, Sheldon Keefe) at 2:25
2. Canucks , Jonas Hoglund 31 (Jiri Hudler, Clarke MacArthur) at 18:31
Penalties :
Peter Worrell (Van) for Interference (Minor) at 6:31, Colby Armstrong (Chi) for Roughing (Double Minor) at 8:50
2nd period
3. Blackhawks , Scott Gomez 23 (Hnat Domenichelli, Nils Ekman) at 9:37 (PP)
4. Canucks , David Jones 14 (Fabian Brunnstrom, Mark Streit) at 17:28
5. Blackhawks , Kris Versteeg 35 (Alexei Kovalev, Joe Sakic) at 19:35 (PP)
Penalties :
Joe Sakic (Chi) for Holding (Minor) at 0:03, Fabian Brunnstrom (Van) for Slashing (Minor) at 8:35, Jaromir Jagr (Van) for Hooking (Minor) at 9:46, Francis Bouillon (Chi) for Interference (Minor) at 9:46, Matt Stajan (Van) for Roughing (Minor) at 19:27
3rd period
6. Blackhawks , Nicklas Lidstrom 11 (Scott Gomez) at 2:20 (PP)
7. Canucks , Jonas Hoglund 32 (Jiri Hudler) at 10:35 (PP)
8. Blackhawks , Joe Sakic 25 (Steve McCarthy, Kris Versteeg) at 10:47
Penalties :
Jonas Hoglund (Van) for Cross-checking (Minor) at 1:10, Loui Eriksson (Chi) for Hooking (Minor) at 9:30, Jiri Hudler (Van) for Hooking (Minor) at 11:21, Scott Niedermayer (Van) for Holding (Minor) at 13:37
Overtime #1
9. Blackhawks , Nicklas Lidstrom 12 (Joe Sakic) at 4:02
Penalties :
Alexei Kovalev (Chi) for Hooking (Minor) at 1:53
Goalie Stats
Jocelyn Thibault (Chi), 21 saves from 25 shots - (0,840), W, 20-16-2, 64:02 minutes
Carey Price (Van), 28 saves from 33 shots - (0,848), OTL, 30-17-4, 64:02 minutes
Players Stats for Blackhawks
Player Name G A P +/- PIM S H SB GA TA FO MP PP MP PK MP
------------------------------------------------------------------------------------
Alexei Kovalev 0 1 1 1 2 1 0 0 0 1 1/3 23:14 3:36 2:03
Boris Mironov 0 0 0 -2 0 0 1 1 0 0 0/0 11:11 0:00 0:38
Brad Ference 0 0 0 -2 0 1 1 1 0 1 0/0 12:52 0:00 0:38
Brooks Laich 0 0 0 0 0 1 0 1 0 0 1/3 8:21 0:00 2:31
Chris Gratton 0 0 0 -2 0 1 2 0 0 0 0/1 10:27 0:14 0:52
Colby Armstrong 0 0 0 -2 4 1 2 0 0 0 0/0 9:48 0:14 0:00
Craig Rivet 0 0 0 0 0 0 0 1 0 0 0/0 21:00 2:18 4:17
Daniel Carcillo 0 0 0 0 0 1 0 0 0 0 0/0 6:58 0:00 1:37
Francis Bouillon 0 0 0 1 2 1 3 0 1 2 0/0 30:06 5:59 4:07
Hnat Domenichelli 0 1 1 0 0 0 3 0 0 0 0/0 16:49 4:27 0:14
Joe Sakic 1 2 3 1 2 6 2 1 0 0 29/49 26:17 3:36 3:21
Kris Versteeg 1 1 2 0 0 11 1 1 3 0 0/0 26:10 3:36 3:24
Loui Eriksson 0 0 0 -2 2 1 0 0 0 0 1/1 7:37 0:00 0:00
Nicklas Lidstrom 2 0 2 1 0 2 0 1 1 2 0/0 31:58 5:59 4:07
Nils Ekman 0 1 1 0 0 1 1 2 0 0 0/0 16:50 4:27 0:00
Scott Gomez 1 1 2 0 0 2 0 1 0 0 6/14 19:32 4:27 2:03
Sergei Shirokov 0 0 0 0 0 2 0 0 0 0 0/0 4:56 0:14 0:00
Steve McCarthy 0 1 1 0 0 1 3 3 1 0 0/0 20:56 2:18 4:17
Players Stats for Canucks
Player Name G A P +/- PIM S H SB GA TA FO MP PP MP PK MP
------------------------------------------------------------------------------------
Brent Sopel 0 0 0 -1 0 1 0 0 1 0 0/0 23:13 2:40 3:39
Chris Campoli 0 0 0 2 0 1 0 2 0 1 0/0 10:41 0:07 0:00
Clarke MacArthur 0 1 1 1 0 1 2 0 0 0 0/0 19:34 3:09 3:15
Daniel Paille 0 0 0 0 0 0 1 1 0 0 0/0 7:51 0:32 0:23
David Jones 2 0 2 1 0 5 2 0 0 0 7/8 12:40 0:53 0:00
Derian Hatcher 0 0 0 -1 0 1 3 0 0 1 0/0 23:18 2:40 3:34
Erik Christensen 0 0 0 0 0 0 0 0 1 0 0/2 7:44 0:20 0:35
Fabian Brunnstrom 0 2 2 1 2 1 1 0 0 0 0/0 11:11 0:43 0:00
Janne Niskala 0 0 0 2 0 0 0 1 0 0 0/0 12:01 0:07 1:05
Jaromir Jagr 0 0 0 -1 2 1 2 0 1 0 3/13 24:46 2:55 4:52
Jiri Hudler 0 2 2 1 2 1 0 1 1 0 10/17 14:32 3:09 0:00
Jonas Hoglund 2 0 2 1 2 3 1 0 0 0 1/1 17:53 3:09 1:59
Mark Streit 0 1 1 0 0 1 1 1 1 1 0/0 29:56 4:16 4:38
Matt Stajan 0 0 0 -1 2 1 1 0 1 0 10/24 18:27 2:54 0:00
Peter Worrell 0 0 0 -1 2 5 0 0 0 2 0/1 25:08 2:54 3:46
Rickard Wallin 0 0 0 2 0 0 0 0 0 0 2/3 7:32 0:00 0:00
Scott Niedermayer 0 0 0 0 2 3 2 3 0 1 0/0 29:04 4:16 3:38
Sheldon Keefe 0 1 1 0 0 0 3 0 0 0 0/2 10:14 0:31 1:44
3 Stars
1 - David Jones (Van)
2 - Nicklas Lidstrom (Chi)
3 - Joe Sakic (Chi)
Power Play
Blackhawks - 3 on 6 Attempt(s) - 50,00%
Canucks - 1 on 5 Attempt(s) - 20,00%
Penalty Kill
Blackhawks - 4 on 5 Attempt(s) - 80,00%
- Score 0 goal in Penalty Kill
Canucks - 3 on 6 Attempt(s) - 50,00%
- Score 0 goal in Penalty Kill
Official
Referees : Charron Francis and Ciamaga Chris
Linesman : Tony Sericolo and Jonny Murray
Game Notes
2:25 of 1st period - Canucks goal is going for a video replay. After video review, Goal.
10:47 of 3rd period - Blackhawks goal is going for a video replay. After video review, Goal.
Finance
Level 1 -- Attendance: 4080 (68,00%) -- Ticket Income 403 920 $
Level 2 -- Attendance: 5000 (100,00%) -- Ticket Income 260 000 $
Level 3 -- Attendance: 2000 (100,00%) -- Ticket Income 60 000 $
Level 4 -- Attendance: 3935 (98,38%) -- Ticket Income 66 895 $
Luxury Box -- Attendance: 1000 (100,00%) -- Ticket Income 100 000 $
Game was played at the Budweiser Coliseum
Total Attendance: 16015 (88,97%)
Total Ticket Income: 890 815 $
Other Income: 44 541 $
Total Income: 935 356 $
Blackhawks
5 vs 5 Forward
Center Left Wing Right Wing Time % Phy DF OF
1 Joe Sakic Kris Versteeg Alexei Kovalev 40 1 2 2
2 Scott Gomez Hnat Domenichelli Nils Ekman 30 1 2 2
3 Chris Gratton Loui Eriksson Colby Armstrong 20 1 2 2
4 Brooks Laich Daniel Carcillo Sergei Shirokov 10 1 2 2
5 vs 5 Defense
Defense Defense Time % Phy DF OF
1 Nicklas Lidstrom Francis Bouillon 40 1 2 2
2 Craig Rivet Steve McCarthy 30 1 2 2
3 Brad Ference Boris Mironov 20 1 2 2
4 Nicklas Lidstrom Francis Bouillon 10 1 2 2
PowerPlay Forward
Center Left Wing Right Wing Time % Phy DF OF
1 Joe Sakic Kris Versteeg Alexei Kovalev 60 1 2 2
2 Scott Gomez Hnat Domenichelli Nils Ekman 40 1 2 2
PowerPlay Defense
Defense Defense Time % Phy DF OF
1 Nicklas Lidstrom Francis Bouillon 60 1 2 2
2 Craig Rivet Steve McCarthy 40 1 2 2
Penalty Kill 4 Players Forward
Center Wing Time % Phy DF OF
1 Joe Sakic Kris Versteeg 60 1 2 2
2 Alexei Kovalev Scott Gomez 40 1 2 2
Penalty Kill 4 Players Defense
Defense Defense Time % Phy DF OF
1 Nicklas Lidstrom Francis Bouillon 60 1 2 2
2 Craig Rivet Steve McCarthy 40 1 2 2
Penalty Kill - 3 Players Forward
Forward Time % Phy DF OF
1 Joe Sakic 60 1 2 2
2 Kris Versteeg 40 1 2 2
Penalty Kill - 3 Players Defense
Defense Defense Time % Phy DF OF
1 Nicklas Lidstrom Francis Bouillon 60 1 2 2
2 Craig Rivet Steve McCarthy 40 1 2 2
4 vs 4 Forward
Center Wing Time % Phy DF OF
1 Joe Sakic Kris Versteeg 60 1 2 2
2 Alexei Kovalev Scott Gomez 40 1 2 2
4 vs 4 Defense
Defense Defense Time % Phy DF OF
1 Nicklas Lidstrom Francis Bouillon 60 1 2 2
2 Craig Rivet Steve McCarthy 40 1 2 2
Last Minutes Offensive
Center Left Wing Right Wing Defense Defense
Joe Sakic Kris Versteeg Alexei Kovalev Nicklas Lidstrom Francis Bouillon
Last Minutes Defensive
Center Left Wing Right Wing Defense Defense
Joe Sakic Kris Versteeg Alexei Kovalev Nicklas Lidstrom Francis Bouillon
Goaltenders
Starting : Jocelyn Thibault
Backup : Tyler Weiman
Extra Forwards
Normal : Chris Gratton, Colby Armstrong, Brooks Laich - PP : Chris Gratton, Colby Armstrong - PK : Brooks Laich
Extra Defensemen
Normal : Brad Ference, Boris Mironov, Craig Rivet - PP : Brad Ference - PK : Boris Mironov, Craig Rivet
Penalty Shots
Joe Sakic, Kris Versteeg, Alexei Kovalev, Scott Gomez, Nils Ekman
Canucks
5 vs 5 Forward
Center Left Wing Right Wing Time % Phy DF OF
1 Matt Stajan Peter Worrell Jaromir Jagr 40 1 2 2
2 Jiri Hudler Clarke MacArthur Jonas Hoglund 30 1 2 2
3 Rickard Wallin Fabian Brunnstrom David Jones 20 1 2 2
4 Erik Christensen Daniel Paille Sheldon Keefe 10 1 2 2
5 vs 5 Defense
Defense Defense Time % Phy DF OF
1 Scott Niedermayer Mark Streit 40 1 2 2
2 Derian Hatcher Brent Sopel 30 1 2 2
3 Chris Campoli Janne Niskala 20 1 2 2
4 Scott Niedermayer Mark Streit 10 1 2 2
PowerPlay Forward
Center Left Wing Right Wing Time % Phy DF OF
1 Matt Stajan Peter Worrell Jaromir Jagr 60 1 2 2
2 Jiri Hudler Clarke MacArthur Jonas Hoglund 40 1 2 2
PowerPlay Defense
Defense Defense Time % Phy DF OF
1 Scott Niedermayer Mark Streit 60 1 2 2
2 Derian Hatcher Brent Sopel 40 1 2 2
Penalty Kill 4 Players Forward
Center Wing Time % Phy DF OF
1 Jaromir Jagr Peter Worrell 60 1 2 2
2 Jonas Hoglund Clarke MacArthur 40 1 2 2
Penalty Kill 4 Players Defense
Defense Defense Time % Phy DF OF
1 Scott Niedermayer Mark Streit 60 1 2 2
2 Derian Hatcher Brent Sopel 40 1 2 2
Penalty Kill - 3 Players Forward
Forward Time % Phy DF OF
1 Jaromir Jagr 60 1 2 2
2 Peter Worrell 40 1 2 2
Penalty Kill - 3 Players Defense
Defense Defense Time % Phy DF OF
1 Scott Niedermayer Mark Streit 60 1 2 2
2 Derian Hatcher Brent Sopel 40 1 2 2
4 vs 4 Forward
Center Wing Time % Phy DF OF
1 Jaromir Jagr Peter Worrell 60 1 2 2
2 Jonas Hoglund Clarke MacArthur 40 1 2 2
4 vs 4 Defense
Defense Defense Time % Phy DF OF
1 Scott Niedermayer Mark Streit 60 1 2 2
2 Derian Hatcher Brent Sopel 40 1 2 2
Last Minutes Offensive
Center Left Wing Right Wing Defense Defense
Matt Stajan Peter Worrell Jaromir Jagr Scott Niedermayer Mark Streit
Last Minutes Defensive
Center Left Wing Right Wing Defense Defense
Matt Stajan Peter Worrell Jaromir Jagr Scott Niedermayer Mark Streit
Goaltenders
Starting : Carey Price
Backup : Brian Boucher
Extra Forwards
Normal : David Jones, Fabian Brunnstrom, Sheldon Keefe - PP : David Jones, Fabian Brunnstrom - PK : Sheldon Keefe
Extra Defensemen
Normal : Chris Campoli, Janne Niskala, Derian Hatcher - PP : Chris Campoli - PK : Janne Niskala, Derian Hatcher
Penalty Shots
Jaromir Jagr, Peter Worrell, Jonas Hoglund, Clarke MacArthur, Matt Stajan
% Time on Ice - Blackhawks
Lines # - Real PCT - Wanted PCT - Time Play
Normal Forward
1 - 41% - 40% - 17:20
2 - 32% - 30% - 13:27
3 - 18% - 20% - 7:38
4 - 10% - 10% - 4:16
Normal Defense
1 - 42% - 40% - 17:46
2 - 34% - 30% - 14:32
3 - 21% - 20% - 9:00
4 - 3% - 10% - 1:23
PP Forward
1 - 46% - 60% - 3:50
2 - 54% - 40% - 4:27
PP Defense
1 - 72% - 60% - 5:59
2 - 28% - 40% - 2:18
PK Forward
1 - 71% - 60% - 5:00
2 - 29% - 40% - 2:03
PK Defense
1 - 49% - 60% - 3:27
2 - 51% - 40% - 3:36
PK3 Forward
1 - 82% - 60% - 1:38
2 - 18% - 40% - 0:21
PK3 Defense
1 - 44% - 60% - 0:52
2 - 56% - 40% - 1:07
44 Forward
1 - 79% - 60% - 3:10
2 - 21% - 40% - 0:52
44 Defense
1 - 77% - 60% - 3:06
2 - 23% - 40% - 0:56
Last Minute Offensive - 0:00
Last Minute Defensive - 0:00
Total
Forward - 64:02
Defense - 64:02
|
% Time on Ice - Canucks
Lines # - Real PCT - Wanted PCT - Time Play
Normal Forward
1 - 38% - 40% - 16:18
2 - 28% - 30% - 12:02
3 - 18% - 20% - 7:32
4 - 16% - 10% - 6:49
Normal Defense
1 - 45% - 40% - 19:00
2 - 30% - 30% - 12:55
3 - 22% - 20% - 9:20
4 - 3% - 10% - 1:26
PP Forward
1 - 53% - 60% - 3:43
2 - 47% - 40% - 3:20
PP Defense
1 - 62% - 60% - 4:23
2 - 38% - 40% - 2:40
PK Forward
1 - 73% - 60% - 6:01
2 - 27% - 40% - 2:16
PK Defense
1 - 64% - 60% - 5:18
2 - 36% - 40% - 2:59
PK3 Forward
1 - 0% - 60%
2 - 0% - 40%
PK3 Defense
1 - 0% - 60%
2 - 0% - 40%
44 Forward
1 - 85% - 60% - 5:07
2 - 15% - 40% - 0:54
44 Defense
1 - 48% - 60% - 2:55
2 - 52% - 40% - 3:06
Last Minute Offensive - 0:00
Last Minute Defensive - 0:00
Total
Forward - 64:02
Defense - 64:02
|
Play by Play
1st period
0:01 of 1st period - Matt Stajan wins face-off versus Joe Sakic in neutral zone.
0:04 of 1st period - Kris Versteeg is hit by Matt Stajan and loses puck.
0:27 of 1st period - Francis Bouillon is hit by Mark Streit and loses puck.
0:45 of 1st period - Icing by Brent Sopel.
0:46 of 1st period - Loui Eriksson wins face-off versus Jiri Hudler in Canucks zone.
1:15 of 1st period - Slapshot by Fabian Brunnstrom.
1:15 of 1st period - Shot Misses the Net.
1:17 of 1st period - Snap shot by Fabian Brunnstrom.
1:17 of 1st period - Shot Blocked by Craig Rivet.
1:19 of 1st period - Snap shot by Rickard Wallin.
1:19 of 1st period - Shot Misses the Net.
1:23 of 1st period - Snap shot by Fabian Brunnstrom.
1:23 of 1st period - Shot Misses the Net.
1:55 of 1st period - Snap shot by Daniel Carcillo.
1:55 of 1st period - Stopped by Carey Price with a rebound.
1:57 of 1st period - Snap shot by Nils Ekman.
1:57 of 1st period - Shot Misses the Net.
1:59 of 1st period - Slapshot by Steve McCarthy.
1:59 of 1st period - Shot Misses the Net.
2:23 of 1st period - Wrist shot by Fabian Brunnstrom.
2:23 of 1st period - Shot Blocked by Boris Mironov.
2:25 of 1st period - Snap shot by David Jones.
2:25 of 1st period - Canucks goal is going for a video replay.
2:25 of 1st period - The goal is good.
2:25 of 1st period - Goal by David Jones - Blackhawks : 0 - Canucks : 1.
2:26 of 1st period - Matt Stajan wins face-off versus Joe Sakic in neutral zone.
2:40 of 1st period - Off-side.
2:41 of 1st period - Scott Gomez wins face-off versus Jiri Hudler in neutral zone.
4:13 of 1st period - Jaromir Jagr is hit by Brad Ference and loses puck.
4:40 of 1st period - Janne Niskala is hit by Steve McCarthy and loses puck.
5:04 of 1st period - Boris Mironov is hit by Fabian Brunnstrom.
5:38 of 1st period - Slapshot by Mark Streit.
5:38 of 1st period - Deflect By Peter Worrell.
5:38 of 1st period - Stopped by Jocelyn Thibault with a rebound.
5:44 of 1st period - Matt Stajan is hit by Joe Sakic.
6:02 of 1st period - Snap shot by Chris Gratton.
6:02 of 1st period - Stopped by Carey Price without a rebound.
6:03 of 1st period - Jiri Hudler wins face-off versus Chris Gratton in Canucks zone.
6:18 of 1st period - Wrist shot by Loui Eriksson.
6:18 of 1st period - Deflect By Colby Armstrong.
6:18 of 1st period - Deflect By Clarke MacArthur.
6:18 of 1st period - Stopped by Carey Price without a rebound.
6:19 of 1st period - Matt Stajan wins face-off versus Alexei Kovalev in Canucks zone.
6:31 of 1st period - Minor Penalty to Peter Worrell for Interference.
6:32 of 1st period - Joe Sakic wins face-off versus Jaromir Jagr in Canucks zone.
7:05 of 1st period - Snap shot by Nicklas Lidstrom.
7:05 of 1st period - Shot Misses the Net.
7:37 of 1st period - Brent Sopel is hit by Nils Ekman and loses puck.
8:05 of 1st period - Icing by Nicklas Lidstrom.
8:06 of 1st period - Joe Sakic wins face-off versus Sheldon Keefe in Blackhawks zone.
8:31 of 1st period - Penalty to Peter Worrell is over, Peter Worrell is back on ice.
8:35 of 1st period - Slapshot by Scott Niedermayer.
8:35 of 1st period - Stopped by Jocelyn Thibault without a rebound.
8:36 of 1st period - Joe Sakic wins face-off versus Rickard Wallin in Blackhawks zone.
8:50 of 1st period - Double Minor Penalty to Colby Armstrong for Roughing.
8:51 of 1st period - Joe Sakic wins face-off versus Peter Worrell in Blackhawks zone.
10:19 of 1st period - Jaromir Jagr is hit by Steve McCarthy and loses puck.
11:02 of 1st period - Mark Streit is hit by Francis Bouillon and loses puck.
11:33 of 1st period - Steve McCarthy is hit by Jonas Hoglund.
12:35 of 1st period - Hnat Domenichelli is hit by Sheldon Keefe and loses puck.
12:50 of 1st period - Penalty to Colby Armstrong is over, Colby Armstrong is back on ice.
13:02 of 1st period - Fabian Brunnstrom is hit by Chris Gratton and loses puck.
13:53 of 1st period - Slapshot by Joe Sakic.
13:53 of 1st period - Shot Misses the Net.
14:37 of 1st period - Wrist shot by Nils Ekman.
14:37 of 1st period - Shot Misses the Net.
16:18 of 1st period - Scott Niedermayer is hit by Colby Armstrong.
16:22 of 1st period - Janne Niskala is hit by Chris Gratton and loses puck.
16:49 of 1st period - Derian Hatcher is hit by Hnat Domenichelli.
18:05 of 1st period - Brad Ference is hit by Jaromir Jagr and loses puck.
18:27 of 1st period - Wrist shot by Clarke MacArthur.
18:27 of 1st period - Shot Blocked by Steve McCarthy.
18:29 of 1st period - Wrist shot by Jiri Hudler.
18:29 of 1st period - Shot Blocked by Steve McCarthy.
18:31 of 1st period - Snap shot by Jiri Hudler.
18:31 of 1st period - Deflect By Jonas Hoglund.
18:31 of 1st period - Goal by Jonas Hoglund - Blackhawks : 0 - Canucks : 2.
18:32 of 1st period - Joe Sakic wins face-off versus Matt Stajan in neutral zone.
18:37 of 1st period - Wrist shot by Kris Versteeg.
18:37 of 1st period - Stopped by Carey Price without a rebound.
18:38 of 1st period - Alexei Kovalev wins face-off versus Matt Stajan in Canucks zone.
18:45 of 1st period - Snap shot by Kris Versteeg.
18:45 of 1st period - Shot Blocked by Scott Niedermayer.
19:54 of 1st period - Slapshot by Kris Versteeg.
19:54 of 1st period - Deflect By Joe Sakic.
19:54 of 1st period - Stopped by Carey Price without a rebound.
19:55 of 1st period - Jiri Hudler wins face-off versus Joe Sakic in Canucks zone.
2nd period
0:01 of 2nd period - Joe Sakic wins face-off versus Matt Stajan in neutral zone.
0:03 of 2nd period - Minor Penalty to Joe Sakic for Holding.
0:04 of 2nd period - Brooks Laich wins face-off versus Matt Stajan in Blackhawks zone.
2:03 of 2nd period - Penalty to Joe Sakic is over, Joe Sakic is back on ice.
2:03 of 2nd period - Slapshot by Fabian Brunnstrom.
2:03 of 2nd period - Stopped by Jocelyn Thibault with a rebound.
2:05 of 2nd period - Slapshot by Mark Streit.
2:05 of 2nd period - Deflect By Joe Sakic.
2:05 of 2nd period - Stopped by Jocelyn Thibault without a rebound.
2:06 of 2nd period - David Jones wins face-off versus Scott Gomez in Blackhawks zone.
2:31 of 2nd period - Brad Ference is hit by Sheldon Keefe and loses puck.
4:49 of 2nd period - Slapshot by Brooks Laich.
4:49 of 2nd period - Shot Misses the Net.
4:51 of 2nd period - Wrist shot by Sergei Shirokov.
4:51 of 2nd period - Stopped by Carey Price without a rebound.
4:52 of 2nd period - Jiri Hudler wins face-off versus Brooks Laich in Canucks zone.
5:38 of 2nd period - Steve McCarthy is hit by David Jones and loses puck.
5:43 of 2nd period - Snap shot by David Jones.
5:43 of 2nd period - Stopped by Jocelyn Thibault without a rebound.
5:44 of 2nd period - Scott Gomez wins face-off versus Jiri Hudler in Blackhawks zone.
5:59 of 2nd period - Slapshot by Nils Ekman.
5:59 of 2nd period - Shot Blocked by Jiri Hudler.
6:43 of 2nd period - Slapshot by Steve McCarthy.
6:43 of 2nd period - Deflect By Nils Ekman.
6:43 of 2nd period - Shot Misses the Net.
6:43 of 2nd period - Puck is out of play.
6:44 of 2nd period - Jiri Hudler wins face-off versus Joe Sakic in Canucks zone.
7:06 of 2nd period - Icing by Nicklas Lidstrom.
7:07 of 2nd period - Joe Sakic wins face-off versus Matt Stajan in Blackhawks zone.
7:41 of 2nd period - Snap shot by Jiri Hudler.
7:41 of 2nd period - Shot Misses the Net.
8:16 of 2nd period - Slapshot by Jaromir Jagr.
8:16 of 2nd period - Stopped by Jocelyn Thibault with a rebound.
8:26 of 2nd period - Snap shot by Matt Stajan.
8:26 of 2nd period - Stopped by Jocelyn Thibault with a rebound.
8:35 of 2nd period - Minor Penalty to Fabian Brunnstrom for Slashing.
8:36 of 2nd period - Scott Gomez wins face-off versus Jaromir Jagr in Canucks zone.
8:58 of 2nd period - Icing by Nils Ekman.
8:59 of 2nd period - Scott Gomez wins face-off versus Jaromir Jagr in Blackhawks zone.
9:37 of 2nd period - Wrist shot by Scott Gomez.
9:37 of 2nd period - Goal by Scott Gomez - Blackhawks : 1 - Canucks : 2.
9:38 of 2nd period - Matt Stajan wins face-off versus Joe Sakic in neutral zone.
9:41 of 2nd period - Slapshot by Brent Sopel.
9:41 of 2nd period - Stopped by Jocelyn Thibault with a rebound.
9:46 of 2nd period - Minor Penalty to Jaromir Jagr for Hooking.
9:46 of 2nd period - Minor Penalty to Francis Bouillon for Interference.
9:47 of 2nd period - David Jones wins face-off versus Joe Sakic in neutral zone.
10:02 of 2nd period - Backhand shot by Kris Versteeg.
10:02 of 2nd period - Stopped by Carey Price without a rebound.
10:03 of 2nd period - David Jones wins face-off versus Joe Sakic in Canucks zone.
10:08 of 2nd period - Slapshot by Mark Streit.
10:08 of 2nd period - Shot Misses the Net.
10:16 of 2nd period - Snap shot by Kris Versteeg.
10:16 of 2nd period - Stopped by Carey Price without a rebound.
10:17 of 2nd period - David Jones wins face-off versus Joe Sakic in Canucks zone.
10:21 of 2nd period - Icing by Scott Niedermayer.
10:22 of 2nd period - Joe Sakic wins face-off versus David Jones in Canucks zone.
10:23 of 2nd period - Wrist shot by Kris Versteeg.
10:23 of 2nd period - Shot Blocked by Scott Niedermayer.
10:35 of 2nd period - Slapshot by Scott Niedermayer.
10:35 of 2nd period - Stopped by Jocelyn Thibault without a rebound.
10:36 of 2nd period - David Jones wins face-off versus Joe Sakic in Blackhawks zone.
11:36 of 2nd period - Icing by Sheldon Keefe.
11:37 of 2nd period - Joe Sakic wins face-off versus Sheldon Keefe in Canucks zone.
11:45 of 2nd period - Off-side.
11:46 of 2nd period - Penalty to Jaromir Jagr is over, Jaromir Jagr is back on ice.
11:46 of 2nd period - Penalty to Francis Bouillon is over, Francis Bouillon is back on ice.
11:46 of 2nd period - Jiri Hudler wins face-off versus Scott Gomez in neutral zone.
11:49 of 2nd period - Slapshot by Scott Niedermayer.
11:49 of 2nd period - Shot Misses the Net.
12:34 of 2nd period - Nicklas Lidstrom is hit by Derian Hatcher.
13:02 of 2nd period - Off-side.
13:03 of 2nd period - Joe Sakic wins face-off versus Matt Stajan in neutral zone.
13:19 of 2nd period - Scott Niedermayer is hit by Steve McCarthy and loses puck.
13:33 of 2nd period - Off-side.
13:34 of 2nd period - Jiri Hudler wins face-off versus Scott Gomez in neutral zone.
13:41 of 2nd period - Derian Hatcher is hit by Boris Mironov.
14:19 of 2nd period - Snap shot by Clarke MacArthur.
14:19 of 2nd period - Shot Blocked by Nils Ekman.
14:34 of 2nd period - Slapshot by Nils Ekman.
14:34 of 2nd period - Deflect By Chris Campoli.
14:34 of 2nd period - Stopped by Carey Price without a rebound.
14:35 of 2nd period - Matt Stajan wins face-off versus Alexei Kovalev in Canucks zone.
14:50 of 2nd period - Wrist shot by Matt Stajan.
14:50 of 2nd period - Shot Misses the Net.
15:04 of 2nd period - Slapshot by Nicklas Lidstrom.
15:04 of 2nd period - Shot Misses the Net.
16:21 of 2nd period - Slapshot by Derian Hatcher.
16:21 of 2nd period - Shot Misses the Net.
16:23 of 2nd period - Snap shot by Derian Hatcher.
16:23 of 2nd period - Deflect By Sheldon Keefe.
16:23 of 2nd period - Shot Misses the Net.
16:23 of 2nd period - Puck is out of play.
16:24 of 2nd period - Joe Sakic wins face-off versus Erik Christensen in Blackhawks zone.
16:29 of 2nd period - Slapshot by Kris Versteeg.
16:29 of 2nd period - Stopped by Carey Price with a rebound.
16:31 of 2nd period - Snap shot by Kris Versteeg.
16:31 of 2nd period - Shot Blocked by Scott Niedermayer.
16:33 of 2nd period - Slapshot by Francis Bouillon.
16:33 of 2nd period - Shot Misses the Net.
16:35 of 2nd period - Snap shot by Nicklas Lidstrom.
16:35 of 2nd period - Shot Blocked by Daniel Paille.
16:37 of 2nd period - Slapshot by Francis Bouillon.
16:37 of 2nd period - Stopped by Carey Price without a rebound.
16:38 of 2nd period - Matt Stajan wins face-off versus Joe Sakic in Canucks zone.
16:45 of 2nd period - Slapshot by Mark Streit.
16:45 of 2nd period - Shot Misses the Net.
16:47 of 2nd period - Snap shot by Matt Stajan.
16:47 of 2nd period - Shot Misses the Net.
17:03 of 2nd period - Mark Streit is hit by Hnat Domenichelli and loses puck.
17:28 of 2nd period - Snap shot by David Jones.
17:28 of 2nd period - Goal by David Jones - Blackhawks : 1 - Canucks : 3.
17:29 of 2nd period - Joe Sakic wins face-off versus Matt Stajan in neutral zone.
17:34 of 2nd period - Snap shot by Kris Versteeg.
17:34 of 2nd period - Shot Misses the Net.
17:44 of 2nd period - Wrist shot by Matt Stajan.
17:44 of 2nd period - Shot Blocked by Kris Versteeg.
18:03 of 2nd period - Slapshot by Scott Niedermayer.
18:03 of 2nd period - Shot Blocked by Nils Ekman.
18:12 of 2nd period - Icing by Francis Bouillon.
18:13 of 2nd period - David Jones wins face-off versus Scott Gomez in Blackhawks zone.
18:28 of 2nd period - Scott Niedermayer is hit by Hnat Domenichelli and loses puck.
18:39 of 2nd period - Slapshot by Nicklas Lidstrom.
18:39 of 2nd period - Deflect By Scott Gomez.
18:39 of 2nd period - Stopped by Carey Price without a rebound.
18:40 of 2nd period - Joe Sakic wins face-off versus Jiri Hudler in Canucks zone.
18:53 of 2nd period - Wrist shot by Joe Sakic.
18:53 of 2nd period - Stopped by Carey Price without a rebound.
18:54 of 2nd period - Matt Stajan wins face-off versus Joe Sakic in Canucks zone.
19:06 of 2nd period - Wrist shot by Peter Worrell.
19:06 of 2nd period - Deflect By Boris Mironov.
19:06 of 2nd period - Stopped by Jocelyn Thibault without a rebound.
19:07 of 2nd period - Joe Sakic wins face-off versus Matt Stajan in Blackhawks zone.
19:12 of 2nd period - Wrist shot by Kris Versteeg.
19:12 of 2nd period - Stopped by Carey Price without a rebound.
19:13 of 2nd period - Matt Stajan wins face-off versus Joe Sakic in Canucks zone.
19:18 of 2nd period - Wrist shot by Peter Worrell.
19:18 of 2nd period - Stopped by Jocelyn Thibault with a rebound.
19:20 of 2nd period - Snap shot by Peter Worrell.
19:20 of 2nd period - Stopped by Jocelyn Thibault without a rebound.
19:21 of 2nd period - Joe Sakic wins face-off versus Matt Stajan in Blackhawks zone.
19:27 of 2nd period - Minor Penalty to Matt Stajan for Roughing.
19:28 of 2nd period - Joe Sakic wins face-off versus Jaromir Jagr in Canucks zone.
19:31 of 2nd period - Snap shot by Kris Versteeg.
19:31 of 2nd period - Stopped by Carey Price without a rebound.
19:32 of 2nd period - Joe Sakic wins face-off versus Jaromir Jagr in Canucks zone.
19:33 of 2nd period - Snap shot by Kris Versteeg.
19:33 of 2nd period - Stopped by Carey Price with a rebound.
19:35 of 2nd period - Snap shot by Alexei Kovalev.
19:35 of 2nd period - Deflect By Kris Versteeg.
19:35 of 2nd period - Goal by Kris Versteeg - Blackhawks : 2 - Canucks : 3.
19:36 of 2nd period - Joe Sakic wins face-off versus Matt Stajan in neutral zone.
19:47 of 2nd period - Wrist shot by Joe Sakic.
19:47 of 2nd period - Shot Misses the Net.
3rd period
0:01 of 3rd period - Jaromir Jagr wins face-off versus Joe Sakic in neutral zone.
0:10 of 3rd period - Alexei Kovalev is hit by Scott Niedermayer and loses puck.
0:21 of 3rd period - Scott Niedermayer is hit by Kris Versteeg and loses puck.
0:25 of 3rd period - Icing by Scott Niedermayer.
0:26 of 3rd period - Matt Stajan wins face-off versus Scott Gomez in Canucks zone.
0:43 of 3rd period - Snap shot by Jaromir Jagr.
0:43 of 3rd period - Shot Misses the Net.
0:45 of 3rd period - Wrist shot by Scott Niedermayer.
0:45 of 3rd period - Stopped by Jocelyn Thibault with a rebound.
0:51 of 3rd period - Slapshot by Matt Stajan.
0:51 of 3rd period - Deflect By Jaromir Jagr.
0:51 of 3rd period - Shot Misses the Net.
0:51 of 3rd period - Puck is out of play.
0:52 of 3rd period - Jiri Hudler wins face-off versus Joe Sakic in Blackhawks zone.
0:53 of 3rd period - Snap shot by Clarke MacArthur.
0:53 of 3rd period - Shot Blocked by Nicklas Lidstrom.
0:55 of 3rd period - Snap shot by Clarke MacArthur.
0:55 of 3rd period - Deflect By Jonas Hoglund.
0:55 of 3rd period - Shot Misses the Net.
0:55 of 3rd period - Puck is out of play.
0:56 of 3rd period - Joe Sakic wins face-off versus Jiri Hudler in Blackhawks zone.
0:56 of 3rd period - Joe Sakic is hit by Derian Hatcher.
1:04 of 3rd period - Nicklas Lidstrom is hit by Clarke MacArthur and loses puck.
1:10 of 3rd period - Minor Penalty to Jonas Hoglund for Cross-checking.
1:11 of 3rd period - Joe Sakic wins face-off versus Jaromir Jagr in Canucks zone.
1:14 of 3rd period - Snap shot by Kris Versteeg.
1:14 of 3rd period - Stopped by Carey Price without a rebound.
1:15 of 3rd period - Joe Sakic wins face-off versus Jaromir Jagr in Canucks zone.
1:22 of 3rd period - Snap shot by Joe Sakic.
1:22 of 3rd period - Deflect By Alexei Kovalev.
1:22 of 3rd period - Shot Misses the Net.
1:22 of 3rd period - Puck is out of play.
1:23 of 3rd period - Jaromir Jagr wins face-off versus Joe Sakic in Canucks zone.
2:05 of 3rd period - Nils Ekman is hit by Derian Hatcher and loses puck.
2:20 of 3rd period - Slapshot by Nicklas Lidstrom.
2:20 of 3rd period - Goal by Nicklas Lidstrom - Blackhawks : 3 - Canucks : 3.
2:21 of 3rd period - Jiri Hudler wins face-off versus Joe Sakic in neutral zone.
2:28 of 3rd period - Slapshot by Clarke MacArthur.
2:28 of 3rd period - Shot Blocked by Joe Sakic.
2:47 of 3rd period - Mark Streit is hit by Colby Armstrong and loses puck.
2:58 of 3rd period - Snap shot by Loui Eriksson.
2:58 of 3rd period - Stopped by Carey Price without a rebound.
2:59 of 3rd period - Rickard Wallin wins face-off versus Joe Sakic in Canucks zone.
3:03 of 3rd period - Off-side.
3:04 of 3rd period - Rickard Wallin wins face-off versus Joe Sakic in neutral zone.
3:13 of 3rd period - Snap shot by Kris Versteeg.
3:13 of 3rd period - Stopped by Carey Price with a rebound.
3:15 of 3rd period - Slapshot by Nicklas Lidstrom.
3:15 of 3rd period - Shot Misses the Net.
3:31 of 3rd period - Jaromir Jagr is hit by Francis Bouillon and loses puck.
3:56 of 3rd period - Snap shot by Clarke MacArthur.
3:56 of 3rd period - Shot Blocked by Steve McCarthy.
3:58 of 3rd period - Wrist shot by Derian Hatcher.
3:58 of 3rd period - Stopped by Jocelyn Thibault with a rebound.
4:00 of 3rd period - Snap shot by Jiri Hudler.
4:00 of 3rd period - Stopped by Jocelyn Thibault with a rebound.
4:58 of 3rd period - Wrist shot by Jaromir Jagr.
4:58 of 3rd period - Shot Misses the Net.
5:33 of 3rd period - Icing by Janne Niskala.
5:34 of 3rd period - Joe Sakic wins face-off versus Erik Christensen in Canucks zone.
5:35 of 3rd period - Slapshot by Kris Versteeg.
5:35 of 3rd period - Shot Blocked by Janne Niskala.
5:37 of 3rd period - Slapshot by Boris Mironov.
5:37 of 3rd period - Deflect By Alexei Kovalev.
5:37 of 3rd period - Shot Blocked by Chris Campoli.
5:37 of 3rd period - Puck is out of play.
5:38 of 3rd period - Joe Sakic wins face-off versus Matt Stajan in Canucks zone.
5:39 of 3rd period - Wrist shot by Kris Versteeg.
5:39 of 3rd period - Shot Misses the Net.
5:41 of 3rd period - Wrist shot by Joe Sakic.
5:41 of 3rd period - Shot Misses the Net.
5:43 of 3rd period - Backhand shot by Alexei Kovalev.
5:43 of 3rd period - Shot Misses the Net.
5:45 of 3rd period - Slapshot by Joe Sakic.
5:45 of 3rd period - Shot Blocked by Chris Campoli.
5:47 of 3rd period - Slapshot by Brad Ference.
5:47 of 3rd period - Deflect By Janne Niskala.
5:47 of 3rd period - Stopped by Carey Price without a rebound.
5:48 of 3rd period - Matt Stajan wins face-off versus Joe Sakic in Canucks zone.
6:35 of 3rd period - Matt Stajan is hit by Joe Sakic and loses puck.
6:50 of 3rd period - Snap shot by Joe Sakic.
6:50 of 3rd period - Stopped by Carey Price with a rebound.
7:06 of 3rd period - Slapshot by Chris Campoli.
7:06 of 3rd period - Shot Misses the Net.
7:22 of 3rd period - Alexei Kovalev is hit by Jaromir Jagr and loses puck.
7:38 of 3rd period - Off-side.
7:39 of 3rd period - Jiri Hudler wins face-off versus Scott Gomez in neutral zone.
7:48 of 3rd period - Snap shot by Jonas Hoglund.
7:48 of 3rd period - Stopped by Jocelyn Thibault without a rebound.
7:49 of 3rd period - Scott Gomez wins face-off versus Jiri Hudler in Blackhawks zone.
7:58 of 3rd period - Snap shot by Jiri Hudler.
7:58 of 3rd period - Shot Misses the Net.
8:00 of 3rd period - Slapshot by Mark Streit.
8:00 of 3rd period - Deflect By Jiri Hudler.
8:00 of 3rd period - Shot Blocked by Scott Gomez.
8:00 of 3rd period - Puck is out of play.
8:01 of 3rd period - Jiri Hudler wins face-off versus Scott Gomez in Blackhawks zone.
8:26 of 3rd period - Nicklas Lidstrom is hit by Daniel Paille and loses puck.
9:15 of 3rd period - Wrist shot by Brooks Laich.
9:15 of 3rd period - Stopped by Carey Price with a rebound.
9:17 of 3rd period - Snap shot by Sergei Shirokov.
9:17 of 3rd period - Stopped by Carey Price with a rebound.
9:19 of 3rd period - Snap shot by Daniel Carcillo.
9:19 of 3rd period - Shot Blocked by Mark Streit.
9:21 of 3rd period - Wrist shot by Brooks Laich.
9:21 of 3rd period - Shot Misses the Net.
9:23 of 3rd period - Wrist shot by Daniel Carcillo.
9:23 of 3rd period - Shot Misses the Net.
9:30 of 3rd period - Minor Penalty to Loui Eriksson for Hooking.
9:31 of 3rd period - Joe Sakic wins face-off versus Matt Stajan in Blackhawks zone.
10:35 of 3rd period - Snap shot by Jonas Hoglund.
10:35 of 3rd period - Goal by Jonas Hoglund - Blackhawks : 3 - Canucks : 4.
10:36 of 3rd period - Joe Sakic wins face-off versus Matt Stajan in neutral zone.
10:43 of 3rd period - Snap shot by Kris Versteeg.
10:43 of 3rd period - Stopped by Carey Price with a rebound.
10:45 of 3rd period - Slapshot by Steve McCarthy.
10:45 of 3rd period - Stopped by Carey Price with a rebound.
10:47 of 3rd period - Snap shot by Joe Sakic.
10:47 of 3rd period - Blackhawks goal is going for a video replay.
10:47 of 3rd period - The goal is good.
10:47 of 3rd period - Goal by Joe Sakic - Blackhawks : 4 - Canucks : 4.
10:48 of 3rd period - Joe Sakic wins face-off versus Matt Stajan in neutral zone.
11:01 of 3rd period - Wrist shot by Alexei Kovalev.
11:01 of 3rd period - Deflect By Joe Sakic.
11:01 of 3rd period - Stopped by Carey Price with a rebound.
11:03 of 3rd period - Wrist shot by Alexei Kovalev.
11:03 of 3rd period - Stopped by Carey Price without a rebound.
11:04 of 3rd period - Scott Gomez wins face-off versus Jiri Hudler in Canucks zone.
11:21 of 3rd period - Minor Penalty to Jiri Hudler for Hooking.
11:22 of 3rd period - Jaromir Jagr wins face-off versus Joe Sakic in Canucks zone.
11:35 of 3rd period - Wrist shot by Peter Worrell.
11:35 of 3rd period - Stopped by Jocelyn Thibault with a rebound.
12:25 of 3rd period - Slapshot by Clarke MacArthur.
12:25 of 3rd period - Stopped by Jocelyn Thibault without a rebound.
12:26 of 3rd period - Jonas Hoglund wins face-off versus Scott Gomez in Blackhawks zone.
13:09 of 3rd period - Scott Gomez is hit by Clarke MacArthur and loses puck.
13:21 of 3rd period - Penalty to Jiri Hudler is over, Jiri Hudler is back on ice.
13:32 of 3rd period - Backhand shot by David Jones.
13:32 of 3rd period - Stopped by Jocelyn Thibault with a rebound.
13:37 of 3rd period - Minor Penalty to Scott Niedermayer for Holding.
13:38 of 3rd period - Joe Sakic wins face-off versus Jaromir Jagr in Canucks zone.
15:37 of 3rd period - Penalty to Scott Niedermayer is over, Scott Niedermayer is back on ice.
15:38 of 3rd period - Sergei Shirokov is hit by Scott Niedermayer and loses puck.
17:34 of 3rd period - Snap shot by Jiri Hudler.
17:34 of 3rd period - Shot Misses the Net.
17:46 of 3rd period - Slapshot by Daniel Paille.
17:46 of 3rd period - Shot Misses the Net.
17:48 of 3rd period - Slapshot by Chris Campoli.
17:48 of 3rd period - Stopped by Jocelyn Thibault with a rebound.
17:50 of 3rd period - Wrist shot by Daniel Paille.
17:50 of 3rd period - Shot Blocked by Brooks Laich.
17:52 of 3rd period - Wrist shot by Sheldon Keefe.
17:52 of 3rd period - Shot Blocked by Brad Ference.
18:19 of 3rd period - Kris Versteeg is hit by David Jones and loses puck.
18:30 of 3rd period - Snap shot by Rickard Wallin.
18:30 of 3rd period - Shot Misses the Net.
19:34 of 3rd period - Boris Mironov is hit by Sheldon Keefe and loses puck.
Overtime #1
0:01 of 1st overtime period - Joe Sakic wins face-off versus Jaromir Jagr in neutral zone.
1:21 of 1st overtime period - Wrist shot by Fabian Brunnstrom.
1:21 of 1st overtime period - Shot Misses the Net.
1:33 of 1st overtime period - Scott Niedermayer is hit by Francis Bouillon and loses puck.
1:53 of 1st overtime period - Minor Penalty to Alexei Kovalev for Hooking.
1:54 of 1st overtime period - Joe Sakic wins face-off versus Jaromir Jagr in Blackhawks zone.
2:52 of 1st overtime period - Wrist shot by David Jones.
2:52 of 1st overtime period - Stopped by Jocelyn Thibault without a rebound.
2:53 of 1st overtime period - David Jones wins face-off versus Brooks Laich in Blackhawks zone.
3:43 of 1st overtime period - Backhand shot by Brent Sopel.
3:43 of 1st overtime period - Shot Misses the Net.
3:53 of 1st overtime period - Penalty to Alexei Kovalev is over, Alexei Kovalev is back on ice.
4:00 of 1st overtime period - Snap shot by Joe Sakic.
4:00 of 1st overtime period - Stopped by Carey Price with a rebound.
4:02 of 1st overtime period - Slapshot by Nicklas Lidstrom.
4:02 of 1st overtime period - Goal by Nicklas Lidstrom - Blackhawks : 5 - Canucks : 4.
Output by the SimonT Hockey Simulator (STHS) for François Prévost -- Original Page W3C XHTML 1.0 Valid